 Dungeon Crawl Stone Soup version 0.21-a0-401-g0b6bec4 (webtiles) character file.

559 Misiek the Magician (level 7, -11/49 HPs)
             Began as a Demonspawn Transmuter on Oct 25, 2017.
             Was a Believer of Cheibriados.
             Mangled by an ogre
             ... wielding a +0 giant club
              (24 damage)
             ... on level 4 of the Dungeon.
             The game lasted 00:32:09 (4481 turns).

Misiek the Magician (Demonspawn Transmuter)         Turns: 4481, Time: 00:32:10

Health: -11/49     AC: 11    Str: 17    XL:     7   Next: 9%
Magic:  8/12       EV: 13    Int: 19    God:    Cheibriados [**....]
Gold:   114        SH:  4    Dex: 19    Spells: 7/13 levels left

rFire    . . .     SeeInvis .   H - +0 flail
rCold    . . .     Gourm    .   t - +0 buckler
rNeg     . . .     Faith    .   n - +0 leather armour
rPois    .         Spirit   .   b - +0 helmet
rElec    .         Reflect  .   (no cloak)
rCorr    .         Harm     .   A - +0 pair of gloves
MR       .....                  (no boots)
Stlth    ++........             (no amulet)
HPRegen  0.16/turn              F - ring of wizardry
MPRegen  0.13/turn              (no ring)

@: lethally poisoned (-11 -> -11), sanguine armour, very slow
A: talons 1, spiny 1, rot immunity, sanguine armour 1
a: Bend Time, Renounce Religion


You were on level 4 of the Dungeon.
You worshipped Cheibriados.
Cheibriados was pleased with you.
You were hungry.

You visited 1 branch of the dungeon, and saw 4 of its levels.

You collected 114 gold pieces.

Inventory:

Hand Weapons
 C - a +0 hunting sling of freezing
 H - a +0 flail (weapon)
Missiles
 a - 66 arrows
 q - 51 sling bullets
 y - 39 bolts
 z - 4 large rocks
 B - 106 stones (quivered)
Armour
 b - a +0 helmet (worn)
 n - a +0 leather armour (worn)
 t - a +0 buckler (worn)
 A - a +0 pair of gloves (worn)
Jewellery
 F - a ring of wizardry (left hand)
Wands
 f - a wand of polymorph (7/24)
 E - a wand of scattershot (4/9)
Scrolls
 g - 2 scrolls of blinking
 h - 2 scrolls of enchant armour {unknown}
 i - 4 scrolls of teleportation {unknown}
 k - 2 scrolls of remove curse
 m - a scroll of recharging {unknown}
 s - a scroll of immolation {unknown}
 u - a scroll of magic mapping {unknown}
 v - a scroll of fog {unknown}
 x - 2 scrolls of identify {unknown}
 J - a scroll of amnesia {unknown}
Potions
 e - 2 potions of mutation {unknown}
 j - 3 potions of curing {unknown}
 l - 2 potions of haste {unknown}
 o - a potion of flight {unknown}
 p - 3 potions of heal wounds {unknown}
 D - a potion of magic {unknown}
 G - a potion of might {unknown}
Books
 c - a book of Changes

   Spells                             Type                      Level
   a - Beastly Appendage              Transmutation                1
   b - Sticks to Snakes               Transmutation                2
   c - Spider Form                    Transmutation/Poison         3
   d - Ice Form                       Ice/Transmutation            4
   e - Blade Hands                    Transmutation                5
Comestibles
 d - 3 bread rations
 r - a royal jelly
 w - a meat ration
 I - 3 chunks of flesh


   Skills:
 + Level 1.8 Fighting
 + Level 3.3 Maces & Flails
 + Level 0.1 Throwing
 + Level 2.0 Armour
 + Level 2.8 Dodging
 + Level 1.3 Stealth
 + Level 1.2 Shields
 + Level 2.8 Unarmed Combat
 + Level 3.6 Spellcasting
 + Level 2.8 Transmutations


You had 7 spell levels left.
You knew the following spells:

 Your Spells              Type           Power        Failure   Level  Hunger
a - Beastly Appendage     Tmut           ##....       3%          1    None
b - Sticks to Snakes      Tmut           ##......     4%          2    ##.....
c - Spider Form           Tmut/Pois      #.........   16%         3    ###....


Dungeon Overview and Level Annotations

Branches:
Dungeon (4/15)
 Temple: D:4-7

Altars:
Cheibriados
Elyvilon
Uskayaw
Xom


Innate Abilities, Weirdness & Mutations

You have sharp toenails.
You are partially covered in sharp spines.
You are immune to rotting.
When seriously injured, your bleeding wounds create armour. (AC +6)


Message History

You create a snake!
You now have 66 arrows.
You are feeling hungry.
Your ball python bites the ogre.
Your ball python bites the ogre.
Your ball python barely misses the ogre.
The ogre closely misses you.
There is a stone staircase leading up here.
You closely miss the ogre. Your kick misses the ogre.
The ogre is moderately wounded.
You feel sick.
Your ball python bites the ogre.
Your ball python barely misses the ogre.
The ogre completely misses your ball python.
Your ball python bites the ogre but does no damage.
Your ball python bites the ogre.
You hit the ogre. You claw the ogre.
The ogre is heavily wounded.
Your ball python completely misses the ogre.
Your ball python bites the ogre.
The ogre is struck by your spines. The ogre hits you with a giant club!!
You die...

##.######### #.#
#.#........####.###########
##.#######............. ..# #.#
#####...##.##. #.# #.#
#.....#.##.##.#### #.#
##...##........#.## #.#
##.###.##........# #.# #.#
#.#####..#.## #.# #@#
#.#####..÷..## #.#
##O###..........#.# #.#
##SS.##.###.##..#.## #.# ##
##.....#.###.##.#.## #.##.##
##...............###
#.#...####.........###....#####
#........+.........'†..........
#.#...####.........###....#####
###.##.## ##.......######..#


You could see an ogre and 2 friendly ball pythons.

Vanquished Creatures
  Grinder (D:4)
  A jelly (D:4)
  2 orc wizards (D:3)
  Terence (D:3)
  2 worker ants (D:4)
  4 gnolls
  7 adders
  A howler monkey skeleton (D:4)
  An ooze (D:1)
  A worm (D:2)
  9 dart slugs
  5 leopard geckos
  3 orcs (D:3)
  5 giant cockroaches
  3 goblins
  7 hobgoblins
  3 jackals (D:1)
  2 quokkas
  5 bats
  4 frilled lizards
  7 kobolds
  9 rats
83 creatures vanquished.

Vanquished Creatures (collateral kills)
  An adder (D:2)
  A worm (D:2)
  2 hobgoblins (D:2)
  A goblin (D:2)
5 creatures vanquished.

Grand Total: 88 creatures vanquished

Notes
Turn   | Place    | Note
-------+----------+-------------------------------------------
     0 | D:1      | Misiek the Demonspawn Transmuter began the quest for the Orb.
     0 | D:1      | Reached XP level 1. HP: 15/15 MP: 3/3
     6 | D:1      | Noticed a wolf
     6 | D:1      | Noticed a rime drake
     6 | D:1      | Noticed a killer bee
     6 | D:1      | Noticed a salamander
   298 | D:1      | Gained mutation: You are partially covered in sharp spines. [demonic ancestry]
   298 | D:1      | Reached XP level 2. HP: 19/21 MP: 3/5
   611 | D:1      | Gained mutation: When seriously injured, your bleeding wounds create armour. (AC +6) [demonic ancestry]
   611 | D:1      | Reached XP level 3. HP: 14/26 MP: 7/7
  1457 | D:2      | Found a white marble altar of Elyvilon.
  1737 | D:1      | Learned a level 2 spell: Sticks to Snakes
  1815 | D:2      | Found a snail-covered altar of Cheibriados.
  1821 | D:2      | Became a worshipper of Cheibriados the Contemplative
  1825 | D:2      | Found a shimmering altar of Xom.
  1831 | D:2      | Found a hide-covered altar of Uskayaw.
  1895 | D:2      | Gained mutation: You are immune to rotting. [demonic ancestry]
  1895 | D:2      | Reached XP level 4. HP: 32/32 MP: 6/8
  2471 | D:3      | Found a faded altar of an unknown god.
  2512 | D:3      | Reached * piety under Cheibriados
  2701 | D:3      | Reached skill level 1 in Maces & Flails
  3022 | D:3      | Gained mutation: You have sharp toenails. [demonic ancestry]
  3022 | D:3      | Reached XP level 5. HP: 37/37 MP: 9/9
  3270 | D:3      | Reached ** piety under Cheibriados
  3271 | D:3      | Noticed Terence
  3283 | D:3      | Killed Terence
  3875 | D:3      | Reached skill level 1 in Armour
  3875 | D:3      | Reached XP level 6. HP: 43/43 MP: 11/11
  3969 | D:4      | Noticed Grinder
  3975 | D:4      | Paralysed by Grinder for 6 turns
  3983 | D:4      | Killed Grinder
  3983 | D:4      | Reached skill level 1 in Stealth
  3983 | D:4      | Reached skill level 1 in Shields
  4348 | D:4      | Reached XP level 7. HP: 47/49 MP: 12/12
  4384 | D:4      | Learned a level 3 spell: Spider Form
  4481 | D:4      | Mangled by an ogre

Vault maps used:
D:1:      onia_arrival_zoo_common, hangedman_decor_riveting
D:2:      grunt_temple_overflow_diamond, st_stairs_1, elyvilon_altar_3
D:3:      kennysheep_slugbush, chequers_ecumenical_altar_simple, uniq_terence
D:4:      nicolae_overflow_hidden_temple, kennysheep_mini_moat, uniq_grinder

Skill      XL: |  1  2  3  4  5  6 |
---------------+-------------------+-----
Transmutations | 2 |  2.8
Dodging        | 2 |  2.8
Spellcasting   | 3 |  3.6
Maces & Flails | 1 2 3 |  3.3
Armour         | 1 2 |  2.0
Stealth        | 1 |  1.3
Shields        | 1 |  1.2
Fighting       | |  1.8
Throwing       | |  0.1
Unarmed Combat | |  2.8

Action                   |  1- 3 |  4- 6 |  7- 9 || total
-------------------------+-------+-------+-------++-------
Melee: Whip              |   102 |    69 |       ||   171
       Unarmed           |     1 |       |     6 ||     7
       Headbutt          |     1 |       |       ||     1
       Kick              |     5 |    21 |     1 ||    27
       Punch             |     1 |       |       ||     1
       Flail             |       |    59 |     6 ||    65
 Fire: Hunting sling     |       |     4 |       ||     4
Throw: Stone             |    11 |     5 |       ||    16
 Cast: Beastly Appendage |    15 |       |       ||    15
       Sticks to Snakes  |     3 |     8 |     6 ||    17
       Spider Form       |       |       |     1 ||     1
  Use: Scroll            |       |     2 |       ||     2
 Stab: Distracted        |       |     2 |       ||     2
       Sleeping          |       |     1 |     1 ||     2
  Eat: Chunk             |     4 |     5 |       ||     9
Armor: Robe              |    17 |       |       ||    17
       Leather armour    |       |    33 |     3 ||    36
       Skin              |       |       |     1 ||     1
Dodge: Dodged            |    46 |    65 |    23 ||   134
Block: Buckler           |     3 |    22 |     6 ||    31

Table legend:
 A = Spawn XP
 B = Non-spawn XP
 C = Spawn XP percentage of total XP
 D = Spawn monster count
 E = Non-spawn monster count
 F = Spawn count percentage of total count
 G = Total turns spent on level
                    A         B        C        D         E        F      G
               +---------+---------+-------+---------+---------+-------+---------
         Total |       0 |     799 |   0.0 |       0 |      88 |   0.0 |  4481
               +---------+---------+-------+---------+---------+-------+---------
           D:1 |       0 |      55 |   0.0 |       0 |      21 |   0.0 |  1493
           D:2 |       0 |      65 |   0.0 |       0 |      25 |   0.0 |   884
           D:3 |       0 |     267 |   0.0 |       0 |      33 |   0.0 |  1570
           D:4 |       0 |     412 |   0.0 |       0 |       9 |   0.0 |   534
               +---------+---------+-------+---------+---------+-------+---------
